 Dungeon Crawl Stone Soup version 0.29-a0-275-g389c0b56f3 (webtiles) character file.

Game seed: 12844327311648740276

326 Ajdolov the Ogre Mage (level 6, -3/59 HPs)
             Began as an Ogre Earth Elementalist on Mar 9, 2022.
             Slain by a scorpion (7 damage)
             ... on level 4 of the Dungeon.
             The game lasted 00:05:39 (6123 turns).

Ajdolov the Ogre Mage (Ogre Earth Elementalist)     Turns: 6123, Time: 00:05:40

Health: -3/59      AC:  3    Str: 13    XL:     6   Next: 49%
Magic:  3/14       EV:  9    Int: 18    God:
Gold:   143        SH:  0    Dex:  9    Spells: 11/15 levels left

rFire   . . .      SeeInvis .   i - +1 dagger (pain)
rCold   . . .      Faith    .   (no shield)
rNeg    . . .      Spirit   .   b - +0 robe
rPois   .          Reflect  .   (helmet restricted)
rElec   .          Harm     .   (no cloak)
rCorr   .          Rampage  .   (gloves unavailable)
Will    .....                   (boots unavailable)
Stlth   +.........              (no amulet)
HPRegen 0.19/turn               (no ring)
MPRegen 0.14/turn               (no ring)

@: lethally poisoned (-3 -> -11), very slightly contaminated
A: large, unfitting armour, tough skin 1
a: no special abilities


You were on level 4 of the Dungeon.
You visited 1 branch of the dungeon, and saw 4 of its levels.

You collected 143 gold pieces.

Inventory:

Hand Weapons
 i - a +1 dagger of pain (weapon)
Missiles
 a - 67 stones
 m - 2 throwing nets
Armour
 b - a +0 robe (worn)
Scrolls
 d - a scroll of magic mapping {unknown}
 f - a scroll of torment {unknown}
 k - a scroll of noise {unknown}
 l - a scroll of enchant armour {unknown}
 o - a scroll of immolation {unknown}
 r - a scroll of teleportation {unknown}
Potions
 c - a potion of magic
 e - a potion of might {unknown}
 g - a potion of degeneration {unknown}
 h - a potion of haste {unknown}
 j - 2 potions of attraction {unknown}
 n - a potion of curing {unknown}
 p - 2 potions of resistance {unknown}
 q - a potion of heal wounds {unknown}


   Skills:
 + Level 2.9 Fighting
 - Level 1.7 Dodging
 - Level 1.4 Stealth
 * Level 5.3 Spellcasting
 * Level 3.0 Conjurations
 - Level 0.8 Transmutations
 - Level 3.1 Earth Magic


You had 11 spell levels left.
You knew the following spells:

 Your Spells              Type           Power      Damage    Failure   Level
a - Sandblast             Erth           32%        2d9       3%          1
b - Stone Arrow           Conj/Erth      30%        3d8       11%         3

Your spell library contained the following spells:

 Spells                   Type           Power      Damage    Failure   Level
 Passwall                 Tmut/Erth      9%         N/A       9%          2
 Petrify                  Tmut/Erth      11%        N/A       50%         4


Dungeon Overview and Level Annotations

Branches:
Dungeon (4/15)
 Temple: D:4-7

Altars:
Ashenzari
Elyvilon


Innate Abilities, Weirdness & Mutations

You are too large for most types of armour.
You have tough skin. (AC +1)


Message History

The scorpion barely misses you.
Your Conjurations skill increases to level 3!
Aiming: Sandblast (safe; 3% risk of failure)
Press: ? - help, Q - select action, (/) - cycle Shift-Dir - straight line, f - scorpion
Aim: a scorpion (79% to hit)
The blast of sand hits the scorpion.
The scorpion is lightly wounded.
The scorpion stings you.
* * * LOW HITPOINT WARNING * * *
Aiming: Sandblast (safe; 3% risk of failure)
Press: ? - help, Q - select action, (/) - cycle Shift-Dir - straight line, f/p - scorpion
Aim: a scorpion (lightly wounded, 79% to hit)
The blast of sand hits the scorpion!
The scorpion is severely wounded.
The scorpion closely misses you.
Aiming: Sandblast (safe; 3% risk of failure)
Press: ? - help, Q - select action, (/) - cycle Shift-Dir - straight line, f/p - scorpion
Aim: a scorpion (severely wounded, 79% to hit)
The blast of sand misses the scorpion.
The scorpion stings you.
* * * LOW HITPOINT WARNING * * *
Aiming: Sandblast (safe; 3% risk of failure)
Press: ? - help, Q - select action, (/) - cycle Shift-Dir - straight line, f/p - scorpion
Aim: a scorpion (severely wounded, 79% to hit)
The blast of sand hits the scorpion but does no damage.
The scorpion is severely wounded.
The scorpion stings you.
* * * LOW HITPOINT WARNING * * *
You are lethally poisoned!
The scorpion poisons you!
Aiming: Sandblast (safe; 3% risk of failure)
Press: ? - help, Q - select action, (/) - cycle Shift-Dir - straight line, f/p - scorpion
Aim: a scorpion (severely wounded, 79% to hit)
You miscast Sandblast.
You are very lightly contaminated with residual magic.
Nothing appears to happen.
* * * LOW HITPOINT WARNING * * *
You feel very sick. The scorpion stings you!
You die...

..⌠.....# .........# #
.......###.##.#.##..#
.......###.##.#.##..#
......##............######
...#..# .....##.##.#.....#
##...## ... . #.##.#.....#
.###.# . #..#......>#
...#)# ##.###.....# .....#
#@# #.....# ..#.## #s#
####### ....# #.# ...##
#.### ...# #.#.## ..##
#....# ..# #......... .##
..#...#.##. .# #.######...


You could see a scorpion.

Vanquished Creatures
  A scorpion (D:4)
  3 hounds (D:4)
  An iguana (D:4)
  4 gnolls
  4 adders
  A worm (D:4)
  A dart slug (D:1)
  An orc (D:4)
  8 endoplasms
  3 giant cockroaches
  4 goblins
  7 hobgoblins
  2 jackals (D:1)
  7 quokkas
  4 ball pythons
  6 bats
  3 frilled lizards
  8 kobolds
  2 rats
70 creatures vanquished.

Notes
Turn   | Place    | Note
-------+----------+-------------------------------------------
     0 | D:1      | Ajdolov the Ogre Earth Elementalist began the quest for the
                  | Orb.
     0 | D:1      | Reached XP level 1. HP: 16/16 MP: 3/3
    20 | D:1      | Found a faded altar of an unknown god.
   621 | D:1      | Reached XP level 2. HP: 4/24 MP: 0/5
   916 | D:1      | Reached skill level 3 in Spellcasting
  2199 | D:1      | Reached XP level 3. HP: 26/31 MP: 8/8
  2307 | D:2      | Learned a level 3 spell: Stone Arrow
  3503 | D:2      | Reached skill level 1 in Fighting
  3667 | D:2      | Reached skill level 4 in Spellcasting
  3667 | D:2      | Reached skill level 1 in Conjurations
  3667 | D:2      | Reached XP level 4. HP: 41/41 MP: 7/10
  4445 | D:3      | Reached XP level 5. HP: 49/49 MP: 9/11
  5189 | D:4      | Found a white marble altar of Elyvilon.
  5498 | D:4      | Reached skill level 5 in Spellcasting
  5498 | D:4      | Reached XP level 6. HP: 24/59 MP: 8/13
  6058 | D:4      | Found a broken altar of Ashenzari.
  6123 | D:4      | Slain by a scorpion

Illustrated notes

Levels and vault maps discovered:
D:1:      nicolae_arrival_washed_ashore, layout_basic,
          shapermc_ecumenical_altar_starsandcircs
D:2:      layout_loops_cross, nicolae_figureground_sparkle
D:3:      layout_basic
D:4:      minmay_skewed_foursquare, layout_loops_cross, elyvilon_altar_5,
          nicolae_overflow_hidden_temple, serial_shops, nicolae_shop_stone

Skill      XL: |  1  2  3  4  5  6 |
---------------+-------------------+-----
Spellcasting   | 3 4 5 |  5.3
Earth Magic    | 3 |  3.1
Fighting       | 1 2 |  2.9
Conjurations   | 1 2 3 |  3.0
Dodging        | |  1.7
Stealth        | |  1.4
Transmutations | |  0.8

Action                   |  1- 3 |  4- 6 || total
-------------------------+-------+-------++-------
Melee: Unarmed           |    68 |       ||    68
       Short sword       |     5 |       ||     5
       Dagger            |    84 |    66 ||   150
 Cast: Sandblast         |    35 |    59 ||    94
 Stab: Sleeping          |     5 |     1 ||     6
Armor: Robe              |    58 |    20 ||    78
Dodge: Dodged            |    88 |    55 ||   143

Table legend: (Time is in decaauts)
 A = Elapsed time spent in this place.
 B = Non-inter-level travel time spent in this place.
 C = Inter-level travel time spent in this place.
 D = Time resting spent in this place.
 E = Time spent auto-exploring this place.
 F = Levels seen in this place.
 G = Mean time per level.
                   A        B        C        D        E       F      G
               +--------+--------+--------+--------+--------+-----+--------+
         Total |   6123 |   6058 |     65 |   2260 |   3123 |   4 | 1530.8 |
       Dungeon |   6123 |   6058 |     65 |   2260 |   3123 |   4 | 1530.8 |
               +--------+--------+--------+--------+--------+-----+--------+

Top non-repeatable levels by time:
     D:1: 2264 daAuts
     D:2: 1680 daAuts
     D:3: 1243 daAuts
     D:4: 934 daAuts
